AoeStats
← Erebor.

Arena

510013150Analyzed
4v4 RM · 4d ago on Sep 29, 2026· 37m 35s· 8 players
Game mode
Random Map
Map size
Large (8 player)
Population
200
Speed
Normal
Resources
Standard
Victory
Conquest
Starting age
Dark Age
Ending age
Imperial Age
RankedLock teamsTeams togetherTeam positionsShared explorationLock speedFull tech treeHidden civsTurbo modeCheats
Victory
Defeat
🇦🇺 Malay · Australia
1643
+6
🇨🇴 Burmese · Colombia
1545
+9
🇯🇵 Turks · Japan
1520
+10
🇧🇷 Aztecs · Brazil
1483
+11
🇦🇷 Italians · Argentina
1448
-11
🇲🇽 Persians · Mexico
1406
-10
🇺🇸 Hindustanis · United States
1354
-8
🇺🇸 Cumans · United States
1311
-7
tktk
11:41 Feudal Age
14:16 Wheelbarrow
13:37 Double-Bit Axe
13:45 Gold Mining
13:47 Horse Collar
16:34 Castle Age
17:48 Bow Saw
21:21 Imperial Age
23:04 Two-Man Saw
22:42 Gold Shaft Mining
22:26 Hand Cart
23:32 Loom
27:03 Heavy Plow
32:14 Thumb Ring
32:43 Stone Mining
38:35 Ballistics
The .Gocho
10:04 Feudal Age
13:47 Castle Age
13:59 Loom
15:58 Town Watch
19:32 Crossbowman
20:31 Fletching
22:28 Wheelbarrow
21:48 Gold Mining
22:36 Horse Collar
24:41 Hand Cart
25:04 Gold Shaft Mining
26:02 Bodkin Arrow
31:35 Imperial Age
31:09 Forging
31:05 Scale Barding Armor
32:11 Husbandry
32:22 Bloodlines
32:49 Iron Casting
32:32 Heavy Plow
32:25 Stone Mining
33:32 Chain Barding Armor
33:11 Elite Battle Elephant
33:14 Capped Ram
35:12 Blast Furnace
34:28 Howdah
36:17 Plate Barding Armor
36:21 Light Cavalry
Newlife
10:28 Feudal Age
14:17 Castle Age
12:59 Double-Bit Axe
13:13 Horse Collar
14:10 Loom
15:47 Wheelbarrow
16:32 Bow Saw
22:25 Heavy Plow
23:52 Stone Mining
25:25 Scale Mail Armor
25:35 Forging
27:45 Chain Mail Armor
28:05 Iron Casting
30:22 Gold Mining
31:20 Squires
32:28 Hand Cart
31:58 Town Watch
34:44 Imperial Age
32:54 Gold Shaft Mining
32:54 Stone Shaft Mining
34:50 Elite Jaguar Warrior
35:53 Conscription
36:11 Plate Mail Armor
36:41 Blast Furnace
36:57 Garland Wars
RogerRamjet
9:08 Feudal Age
8:43 Double-Bit Axe
8:38 Horse Collar
10:59 Wheelbarrow
16:26 Castle Age
22:40 Bow Saw
22:30 Heavy Plow
22:59 Loom
23:55 Sanctity
28:24 Imperial Age
26:10 Hand Cart
26:21 Forging
27:41 Iron Casting
26:40 Pikeman
27:20 Squires
27:06 Arson
27:15 Treadmill Crane
27:59 Halberdier
30:02 Blast Furnace
29:07 Fletching
30:08 Conscription
31:11 Chemistry
31:10 Ballistics
30:37 Man-at-Arms
32:16 Bodkin Arrow
32:43 Padded Archer Armor
32:50 Thumb Ring
32:06 Crossbowman
33:07 Long Swordsman
34:10 Bracer
33:40 Two-Handed Swordsman
34:24 Forced Levy
SimoniacJewel88
9:44 Feudal Age
14:13 Castle Age
12:44 Double-Bit Axe
13:01 Horse Collar
14:51 Bow Saw
21:20 Heavy Plow
22:43 Gold Mining
23:10 Man-at-Arms
24:39 Forging
24:29 Scale Mail Armor
24:01 Long Swordsman
24:50 Gambesons
26:44 Iron Casting
26:24 Chain Mail Armor
26:48 Squires
26:34 Arson
27:34 Gold Shaft Mining
27:58 Chain Mail Armor
31:47 Wheelbarrow
34:23 Imperial Age
32:52 Wheelbarrow
32:12 Stone Mining
34:20 Chain Mail Armor
Regal
0:25 Loom
9:54 Feudal Age
10:40 Double-Bit Axe
10:37 Horse Collar
19:07 Castle Age
18:23 Wheelbarrow
18:39 Scale Barding Armor
20:15 Bloodlines
20:47 Bow Saw
20:47 Heavy Plow
25:08 Chain Barding Armor
27:50 Forging
29:56 Hand Cart
29:27 Loom
29:27 Town Watch
OfFspRlNg
11:03 Feudal Age
11:48 Horse Collar
15:08 Castle Age
13:55 Double-Bit Axe
17:09 Bow Saw
16:59 Heavy Plow
22:20 Loom
23:25 Scale Barding Armor
24:31 Bloodlines
25:13 Husbandry
27:12 Wheelbarrow
31:41 Imperial Age
32:16 Grand Trunk Road
33:28 Chemistry
33:45 Hand Cart
33:33 Elite Ghulam
34:16 Squires
34:20 Scale Mail Armor
34:30 Forging
35:59 Chain Mail Armor
36:39 Iron Casting
36:47 Shatagni
Erebor.
10:45 Feudal Age
14:34 Castle Age
12:31 Double-Bit Axe
12:38 Horse Collar
13:57 Town Watch
30:04 Crossbowman
30:49 Thumb Ring
34:55 Imperial Age
Connection lost

Rejoining the realm…

Still unreachable

The connection could not be restored.

Session expired

The server has moved on; the page needs a fresh start.